TOP OF THE 1ST |
Castries Palmeras batting - Pitching for Acapulco Locos : RHP John Pacella
|
Pitching: RHP John Pacella
|
|
Batting: LHB Wayne Pechek
|
0-0: Ball 1-0: Ball 2-0: Ball 3-0: Base on Balls
|
Batting: LHB Jerry Willard
|
0-0: Called Strike 0-1: Ball 1-1: Ball 2-1: Swinging Strike 2-2: Strikes out swinging
|
Batting: SHB Ignacio Medina
|
0-0: Foul Ball, location: 2F 0-1: Foul Ball, location: 2F 0-2: Hit by Pitch Wayne Pechek to second
|
Batting: RHB Jeff Bertoni
|
0-0: Called Strike 0-1: Fly out, F8 (Flyball, 78XD, EV 102.5 MPH)
|
Batting: RHB Rob Teegarden
|
0-0: Ball 1-0: Called Strike 1-1: Ball 2-1: Ball 3-1: Fly out, F9 (Flyball, 9S, EV 91.3 MPH)
|
Top of the 1st over - 0 runs, 0 hits, 0 errors, 2 left on base; Castries 0 - Acapulco 0 |
BOTTOM OF THE 1ST |
Acapulco Locos batting - Pitching for Castries Palmeras : RHP Daryl Adams
|
Pitching: RHP Daryl Adams
|
|
Batting: RHB Heriberto Valdez
|
0-0: Ball 1-0: Ball 2-0: Foul Ball, location: 2F 2-1: Ball 3-1: Fly out, F6 (Popup, 6S, EV 77.5 MPH)
|
Batting: RHB Ray Smith
|
0-0: Ball 1-0: Ball 2-0: Ball 3-0: Foul Ball, location: 2F 3-1: Foul Ball, location: 2F 3-2: Base on Balls
|
Batting: RHB Dan Gladden
|
0-0: Called Strike 0-1: Swinging Strike 0-2: Strikes out swinging
|
Batting: LHB Manny Leal
|
0-0: Called Strike Ray Smith steals 2nd base 0-1: Ball 1-1: Foul Ball, location: 2F 1-2: Ball 2-2: Foul Ball, location: 2F 2-2: Ball 3-2: Base on Balls
|
Batting: RHB Albert Richmond
|
0-0: Ball 1-0: Fly out, F4 (Popup, 4MD, EV 53.8 MPH)
|
Bottom of the 1st over - 0 runs, 0 hits, 0 errors, 2 left on base; Castries 0 - Acapulco 0 |
TOP OF THE 2ND |
Castries Palmeras batting - Pitching for Acapulco Locos : RHP John Pacella
|
Batting: RHB Bob Boone
|
0-0: SINGLE (Line Drive, 9S, EV 101.9 MPH)
|
Batting: SHB Manny Castillo
|
0-0: Fly out, F9 (Flyball, 89D, EV 103.1 MPH)
|
Batting: RHB Chris Nyman
|
0-0: Called Strike Bob Boone steals 2nd base 0-1: Foul Ball, location: 2F 0-2: Ground out 6-3 (Groundball, 6, EV 85.6 MPH)
|
Batting: RHB Lance Ediger
|
0-0: Foul Ball, location: 2F 0-1: Called Strike 0-2: Foul Ball, location: 2F 0-2: Ball 1-2: Ball 2-2: Ball 3-2: Foul Ball, location: 2F 3-2: Strikes out swinging
|
Top of the 2nd over - 0 runs, 1 hit, 0 errors, 1 left on base; Castries 0 - Acapulco 0 |
BOTTOM OF THE 2ND |
Acapulco Locos batting - Pitching for Castries Palmeras : RHP Daryl Adams
|
Batting: SHB Gary Pellant
|
0-0: Ground out 4-3 (Groundball, 4, EV 105.6 MPH)
|
Batting: RHB Gary Skow
|
0-0: Foul Ball, location: 2F 0-1: Ball 1-1: Swinging Strike 1-2: Strikes out swinging
|
Batting: LHB Jeff Smith
|
0-0: Ball 1-0: Ball 2-0: Fly out, F9 (Flyball, 9, EV 80.6 MPH)
|
Bottom of the 2nd over - 0 runs, 0 hits, 0 errors, 0 left on base; Castries 0 - Acapulco 0 |
TOP OF THE 3RD |
Castries Palmeras batting - Pitching for Acapulco Locos : RHP John Pacella
|
Batting: LHB Wayne Pechek
|
0-0: Ground out 4-3 (Groundball, 4S, EV 85.6 MPH)
|
Batting: LHB Jerry Willard
|
0-0: Ball 1-0: Ball 2-0: Ball 3-0: Called Strike 3-1: SINGLE (Groundball, 6MD, EV 101.9 MPH)
|
Batting: SHB Ignacio Medina
|
0-0: Ball 1-0: Ball 2-0: Foul Ball, location: 2F 2-1: Ball 3-1: Foul Ball, location: 2F 3-2: Foul Ball, location: 2F 3-2: Base on Balls Jerry Willard to second
|
Batting: RHB Jeff Bertoni
|
0-0: Foul Ball, location: 2F 0-1: Called Strike 0-2: Ball 1-2: Ball 2-2: Strikes out swinging
|
Batting: RHB Rob Teegarden
|
0-0: Ball 1-0: Called Strike 1-1: Swinging Strike 1-2: Strikes out looking
|
Top of the 3rd over - 0 runs, 1 hit, 0 errors, 2 left on base; Castries 0 - Acapulco 0 |
BOTTOM OF THE 3RD |
Acapulco Locos batting - Pitching for Castries Palmeras : RHP Daryl Adams
|
Batting: RHB Ramon Lora
|
0-0: Ball 1-0: Foul Ball, location: 2F 1-1: Ball 2-1: Swinging Strike 2-2: SINGLE (Line Drive, 8LS, EV 105.0 MPH)
|
Batting: RHB Heriberto Valdez
|
0-0: Ball 1-0: Foul Ball, location: 2F 1-1: Ball Ramon Lora steals 2nd base 2-1: SINGLE (Line Drive, 8RS, EV 92.5 MPH) Ramon Lora to third Runner from 3rd tries for Home, SAFE, throw by CF to home
|
Batting: RHB Ray Smith
|
0-0: Ball 1-0: Foul Ball, location: 2F 1-1: Ball 2-1: Fielders Choice at 2nd, 4-6 (Groundball, 4, EV 102.5 MPH)
|
Batting: RHB Dan Gladden
|
0-0: Ball 1-0: Foul Ball, location: 2F 1-1: Foul Ball, location: 2F 1-2: Strikes out looking
|
Batting: LHB Manny Leal
|
0-0: Called Strike 0-1: Ground out 1-3 (Groundball, 13S, EV 63.8 MPH)
|
Bottom of the 3rd over - 1 run, 2 hits, 0 errors, 1 left on base; Castries 0 - Acapulco 1 |
TOP OF THE 4TH |
Castries Palmeras batting - Pitching for Acapulco Locos : RHP John Pacella
|
Batting: RHB Bob Boone
|
0-0: Ball 1-0: Ball 2-0: Called Strike 2-1: Ball 3-1: Ground out 6-3 (Groundball, 6, EV 80.0 MPH)
|
Batting: SHB Manny Castillo
|
0-0: Fly out, F5 (Popup, 5DF, EV 66.3 MPH)
|
Batting: RHB Chris Nyman
|
0-0: Called Strike 0-1: Ball 1-1: Foul Ball, location: 2F 1-2: Fly out, F3 (Popup, 34, EV 65.6 MPH)
|
Top of the 4th over - 0 runs, 0 hits, 0 errors, 0 left on base; Castries 0 - Acapulco 1 |
BOTTOM OF THE 4TH |
Acapulco Locos batting - Pitching for Castries Palmeras : RHP Daryl Adams
|
Batting: RHB Albert Richmond
|
0-0: Ball 1-0: Ball 2-0: Called Strike 2-1: Fly out, F3 (Popup, 34S, EV 85.6 MPH)
|
Batting: SHB Gary Pellant
|
0-0: Called Strike 0-1: Ball 1-1: Ball 2-1: Fly out, F8 (Flyball, 8LM, EV 85.0 MPH)
|
Batting: RHB Gary Skow
|
0-0: Ball 1-0: Ball 2-0: Called Strike 2-1: SINGLE (Line Drive, 7LS, EV 86.9 MPH)
|
Batting: LHB Jeff Smith
|
0-0: Ball Gary Skow is caught stealing 2nd base 2-6
|
Bottom of the 4th over - 0 runs, 1 hit, 0 errors, 0 left on base; Castries 0 - Acapulco 1 |
TOP OF THE 5TH |
Castries Palmeras batting - Pitching for Acapulco Locos : RHP John Pacella
|
Batting: RHB Lance Ediger
|
0-0: Foul Ball, location: 2F 0-1: Foul Ball, location: 2F 0-2: Ball 1-2: Foul Ball, location: 2F 1-2: Strikes out swinging
|
Batting: LHB Wayne Pechek
|
0-0: Called Strike 0-1: Ball 1-1: Ball 2-1: Foul Ball, location: 2F 2-2: Ball 3-2: Fly out, F7 (Flyball, 7, EV 83.8 MPH)
|
Batting: LHB Jerry Willard
|
0-0: Called Strike 0-1: Called Strike 0-2: Foul Ball, location: 2F 0-2: Ball 1-2: Strikes out swinging
|
Top of the 5th over - 0 runs, 0 hits, 0 errors, 0 left on base; Castries 0 - Acapulco 1 |
BOTTOM OF THE 5TH |
Acapulco Locos batting - Pitching for Castries Palmeras : RHP Daryl Adams
|
Batting: LHB Jeff Smith
|
0-0: Ball 1-0: SINGLE (Line Drive, 78M, EV 106.9 MPH)
|
Batting: RHB Ramon Lora
|
0-0: Called Strike 0-1: Called Strike 0-2: Ball 1-2: Strikes out looking
|
Batting: RHB Heriberto Valdez
|
0-0: Ball 1-0: Called Strike 1-1: Foul Ball, location: 2F 1-2: Ball 2-2: Fly out, F8 (Line Drive, 8LD, EV 88.1 MPH)
|
Batting: RHB Ray Smith
|
0-0: Ball 1-0: Ball 2-0: 2-RUN HOME RUN (Flyball, 78XD, EV 103.8 MPH), Distance : 422 ft
|
Batting: RHB Dan Gladden
|
0-0: Called Strike 0-1: Ball 1-1: Ball 2-1: Ball 3-1: Base on Balls
|
Batting: LHB Manny Leal
|
0-0: Called Strike 0-1: Ground out 4-3 (Groundball, 4, EV 80.6 MPH)
|
Bottom of the 5th over - 2 runs, 2 hits, 0 errors, 1 left on base; Castries 0 - Acapulco 3 |
TOP OF THE 6TH |
Castries Palmeras batting - Pitching for Acapulco Locos : RHP John Pacella
|
Batting: SHB Ignacio Medina
|
0-0: Ball 1-0: Ground out 4-3 (Groundball, 4M, EV 82.5 MPH)
|
Batting: RHB Jeff Bertoni
|
0-0: Called Strike 0-1: Ground out 6-3 (Groundball, 6, EV 86.3 MPH)
|
Batting: RHB Rob Teegarden
|
0-0: Ball 1-0: Ball 2-0: Ball 3-0: Called Strike 3-1: Fly out, F6 (Popup, 6, EV 70.0 MPH)
|
Top of the 6th over - 0 runs, 0 hits, 0 errors, 0 left on base; Castries 0 - Acapulco 3 |
BOTTOM OF THE 6TH |
Acapulco Locos batting - Pitching for Castries Palmeras : RHP Daryl Adams
|
Batting: RHB Albert Richmond
|
0-0: Ball 1-0: Called Strike 1-1: Foul Ball, location: 2F 1-2: Strikes out looking
|
Batting: SHB Gary Pellant
|
0-0: Called Strike 0-1: Foul Ball, location: 2F 0-2: Ground out U3 (Groundball, 3, EV 78.1 MPH)
|
Batting: RHB Gary Skow
|
0-0: Ground out U3 (Groundball, 3S, EV 88.1 MPH)
|
Bottom of the 6th over - 0 runs, 0 hits, 0 errors, 0 left on base; Castries 0 - Acapulco 3 |
TOP OF THE 7TH |
Castries Palmeras batting - Pitching for Acapulco Locos : RHP John Pacella
|
Batting: RHB Bob Boone
|
0-0: Ball 1-0: Swinging Strike 1-1: Ball 2-1: Fly out, F6 (Line Drive, 6, EV 65.0 MPH)
|
Batting: SHB Manny Castillo
|
0-0: Ball 1-0: Foul Ball, location: 2F 1-1: Ball 2-1: Ball 3-1: Base on Balls
|
Batting: RHB Chris Nyman
|
0-0: Fielders Choice at 2nd, 4-6 (Groundball, 4, EV 89.4 MPH)
|
Batting: RHB Lance Ediger
|
0-0: Ball 1-0: Ball 2-0: Fly out, F7 (Line Drive, 7, EV 86.9 MPH)
|
Top of the 7th over - 0 runs, 0 hits, 0 errors, 1 left on base; Castries 0 - Acapulco 3 |
BOTTOM OF THE 7TH |
Acapulco Locos batting - Pitching for Castries Palmeras : RHP Daryl Adams
|
Batting: LHB Jeff Smith
|
0-0: Called Strike 0-1: Ball 1-1: Ball 2-1: Foul Ball, location: 2F 2-2: Ground out U3 (Groundball, 34S, EV 88.8 MPH)
|
Pitching: RHP Alex Gorgie
|
|
Batting: RHB Ramon Lora
|
0-0: Ball 1-0: Ball 2-0: Ball 3-0: Called Strike 3-1: Swinging Strike 3-2: Strikes out swinging
|
Batting: RHB Heriberto Valdez
|
0-0: Ball 1-0: Ground out 4-3 (Groundball, 4, EV 85.6 MPH)
|
Bottom of the 7th over - 0 runs, 0 hits, 0 errors, 0 left on base; Castries 0 - Acapulco 3 |
TOP OF THE 8TH |
Castries Palmeras batting - Pitching for Acapulco Locos : RHP John Pacella
|
Pitching: RHP Alexis Roselli
|
|
Batting: LHB Wayne Pechek
|
0-0: Called Strike 0-1: Ball 1-1: Fly out, F7 (Flyball, 7, EV 91.9 MPH)
|
Batting: LHB Jerry Willard
|
0-0: Ball 1-0: Ball 2-0: Ball 3-0: Base on Balls
|
Batting: SHB Ignacio Medina
|
0-0: Fly out, F3 (Popup, 3SF, EV 71.3 MPH)
|
Batting: RHB Jeff Bertoni
|
0-0: Called Strike 0-1: Ball 1-1: Called Strike 1-2: Ball 2-2: Ball 3-2: Base on Balls Jerry Willard to second
|
Batting: RHB Rob Teegarden
|
0-0: Ball 1-0: Called Strike 1-1: Called Strike 1-2: Ball 2-2: Foul Ball, location: 2F 2-2: Strikes out swinging
|
Top of the 8th over - 0 runs, 0 hits, 0 errors, 2 left on base; Castries 0 - Acapulco 3 |
BOTTOM OF THE 8TH |
Acapulco Locos batting - Pitching for Castries Palmeras : RHP Alex Gorgie
|
Batting: RHB Ray Smith
|
0-0: Ball 1-0: Fly out, F9 (Flyball, 9D, EV 100.6 MPH)
|
Batting: RHB Dan Gladden
|
0-0: Foul Ball, location: 2F 0-1: Ball 1-1: Foul Ball, location: 2F 1-2: Strikes out looking
|
Batting: LHB Manny Leal
|
0-0: Ball 1-0: Ball 2-0: Foul Ball, location: 2F 2-1: Swinging Strike 2-2: Ground out 4-3 (Groundball, 34, EV 106.9 MPH)
|
Bottom of the 8th over - 0 runs, 0 hits, 0 errors, 0 left on base; Castries 0 - Acapulco 3 |
TOP OF THE 9TH |
Castries Palmeras batting - Pitching for Acapulco Locos : RHP Alexis Roselli
|
Pitching: LHP Bill Bordley
|
|
Batting: RHB Bob Boone
|
0-0: Ball 1-0: Ball 2-0: Ball 3-0: Called Strike 3-1: Fly out, F5 (Popup, 5D, EV 75.6 MPH)
|
Batting: SHB Manny Castillo
|
0-0: Ball 1-0: Ball 2-0: Ball 3-0: Called Strike 3-1: Base on Balls
|
Batting: RHB Chris Nyman
|
0-0: Foul Ball, location: 2F 0-1: Ball 1-1: Fielders Choice at 2nd, 6-4 (Groundball, 6, EV 88.1 MPH)
|
Batting: RHB Lance Ediger
|
0-0: Called Strike 0-1: Fly out, F8 (Flyball, 8RD, EV 104.4 MPH)
|
Top of the 9th over - 0 runs, 0 hits, 0 errors, 1 left on base; Castries 0 - Acapulco 3 |
|